 Dungeon Sprint DCSS version 0.27-a0-637-g3a9f0a9c12 (webtiles) character file.

Game seed: 8738073678732976807

775 rocky1 the Blocker (level 8, -1/67 HPs)
             Began as a Formicid Fighter on Mar 14, 2021.
             Was a Priest of Okawaru.
             Slain by Menkaure (11 damage)
             ... in the Dungeon (Sprint VII: "The Pits").
             The game lasted 00:04:29 (2186 turns).

rocky1 the Blocker (Formicid Fighter)               Turns: 2186, Time: 00:04:29

Health: -1/67      AC:  9    Str: 23    XL:     8   Next: 10%
Magic:  13/14      EV: 13    Int:  8    God:    Okawaru [***...]
Gold:   0          SH: 14    Dex: 10    Spells: 7/7 levels left

rFire    . . .     SeeInvis +   f - +2 long sword (holy)
rCold    . . .     Faith    .   c - +0 kite shield
rNeg     . . .     Spirit   .   b - +0 scale mail
rPois    .         Reflect  .   (helmet unavailable)
rElec    .         Harm     .   (no cloak)
rCorr    .         Rampage  .   (no gloves)
Will     .....                  (no boots)
Stlth    +.........             (no amulet)
HPRegen  0.21/turn              (no ring)
MPRegen  0.14/turn              (no ring)

@: heroic
A: permanent stasis, dig shafts and tunnels, antennae 3, four strong arms
a: Dig, Renounce Religion, Heroism


You were in the Dungeon.
You worshipped Okawaru.
Okawaru was most pleased with you.
You visited 1 branch

Inventory:

Hand Weapons
 a - a +0 long sword
 f - a +2 long sword of holy wrath (weapon)
Armour
 b - a +0 scale mail (worn)
 c - a +0 kite shield (worn)
Scrolls
 i - 5 scrolls of amnesia
 j - a scroll of summoning
Potions
 d - a potion of brilliance {unknown}
 e - 5 potions of curing
 g - 4 potions of magic
 h - a potion of invisibility


   Skills:
 + Level 7.5(12.5) Fighting
 + Level 7.9(12.9) Long Blades
 + Level 7.2(12.2) Armour
 + Level 5.3(10.3) Dodging
 + Level 9.8(14.8) Shields
 + Level 8.8 Invocations


You had 7 spell levels left.
You didn't know any spells.
Your spell library was empty.

Dungeon Overview and Level Annotations

Branches:
Dungeon (1/1)

Altars:
Ashenzari
Cheibriados
Dithmenos
Elyvilon
Fedhas
Gozag
Hepliaklqana
Kikubaaqudgha
Makhleb
Nemelex Xobeh
Okawaru
Qazlal
Ru
Sif Muna
Trog
Uskayaw
Vehumet
Wu Jian
Xom
Yredelemnul
Zin
The Shining One
Beogh
Jiyva
Lugonu

Annotations:
D Menkaure


Innate Abilities, Weirdness & Mutations

You cannot be hasted, slowed, berserked, paralysed or teleported.
You can dig through walls and to a lower floor.
You have a pair of large antennae on your head. (SInv)
Your four strong arms can wield two-handed weapons with a shield.


Message History

The leopard gecko is moderately wounded.
You slash the leopard gecko!
You kill the leopard gecko!
Okawaru accepts your kill. You block the warg's attack.
The warg barely misses you.
There is an open door here.
You see here a leopard gecko corpse.
You barely miss the warg.
The warg is heavily wounded.
You block the warg's attack.
You slash the warg!
The warg is almost dead.
Menkaure mumbles some strange words.
Menkaure seems to speed up.
The warg bites you!
You closely miss the warg.
The warg is almost dead.
You block the warg's attack.
You slash the warg!
You kill the warg!
Okawaru is honoured by your kill.
Okawaru will now gift you ammunition as you gain piety.
You hit Menkaure but do no damage.
Menkaure calls on the powers of darkness!
Your body is wracked with pain!
* * * LOW HITPOINT WARNING * * *
The quokka convulses!
You hit Menkaure but do no damage. You hit Menkaure.
Menkaure convulses.
Menkaure is moderately damaged.
Menkaure gestures at you while chanting.
Pain shoots through your body!
* * * LOW HITPOINT WARNING * * *
You hit Menkaure but do no damage.
Menkaure is moderately damaged.
Menkaure gestures at you while chanting.
You struggle to resist.
You hit Menkaure.
Menkaure convulses.
Menkaure is heavily damaged.
Menkaure hits you!
You die...

#)#[[###)####.......#
#)##'#.....##...<...#
#.#........##.......#
{
#)#........##.......#
#)###########.......#
#.......#.. #########
#..#.#..#r#
#.##.##.#M# {
#.......#@#
#.##.##.#)+ {
#..#.#..#'#
#.......')# {
###########


You could see Menkaure (fast) and a quokka.

Vanquished Creatures
  Grum (D)
  A warg (D)
  An orc warrior (D)
  An ogre (D)
  A bullfrog (D)
  2 gnoll sergeants (D)
  A scorpion (D)
  A crimson imp (D)
  An orc wizard (D)
  2 worker ants (D)
  4 gnolls (D)
  2 adders (D)
  An ufetubus (D)
  A leopard gecko (D)
  2 orcs (D)
  A ball python (D)
  2 goblins (D)
  A kobold (D)
26 creatures vanquished.

Notes
Turn   | Place    | Note
-------+----------+-------------------------------------------
     0 | D        | rocky1 the Formicid Fighter began the quest for the Orb.
     0 | D        | Reached XP level 1. HP: 18/18 MP: 1/1
    23 | D        | Reached skill level 4 in Shields
    29 | D        | Found a bloodstained altar of Trog.
    29 | D        | Found a shimmering blue altar of Sif Muna.
    29 | D        | Found a viscous altar of Jiyva.
    29 | D        | Found a hazy altar of Hepliaklqana.
    29 | D        | Found an opulent altar of Gozag.
    30 | D        | Found a glowing golden altar of the Shining One.
    30 | D        | Found a glowing silver altar of Zin.
    30 | D        | Found a basalt altar of Yredelemnul.
    30 | D        | Found a shimmering altar of Xom.
    30 | D        | Found an ornate altar of the Wu Jian Council.
    30 | D        | Found a sacrificial altar of Ru.
    30 | D        | Found a stormy altar of Qazlal.
    30 | D        | Found an iron altar of Okawaru.
    30 | D        | Found a sparkling altar of Nemelex Xobeh.
    30 | D        | Found a burning altar of Makhleb.
    30 | D        | Found a blossoming altar of Fedhas.
    30 | D        | Found a white marble altar of Elyvilon.
    30 | D        | Found a shadowy altar of Dithmenos.
    30 | D        | Found a snail-covered altar of Cheibriados.
    32 | D        | Found a radiant altar of Vehumet.
    32 | D        | Found a corrupted altar of Lugonu.
    33 | D        | Found a hide-covered altar of Uskayaw.
    33 | D        | Found an ancient bone altar of Kikubaaqudgha.
    33 | D        | Found a broken altar of Ashenzari.
    41 | D        | Became a worshipper of Warmaster Okawaru
    94 | D        | Reached skill level 1 in Invocations
    94 | D        | Reached XP level 2. HP: 10/24 MP: 1/3
   274 | D        | Reached skill level 5 in Shields
   274 | D        | Reached XP level 3. HP: 10/29 MP: 3/5
   635 | D        | HP: 1/29 [poisoned by a worker ant]
   639 | D        | Reached skill level 6 in Shields
   639 | D        | Reached XP level 4. HP: 27/35 MP: 5/7
   906 | D        | Reached skill level 5 in Long Blades
   906 | D        | Reached skill level 5 in Invocations
  1132 | D        | Noticed an orc warrior
  1132 | D        | Noticed a bullfrog
  1132 | D        | Noticed an ogre
  1149 | D        | Killed a bullfrog
  1150 | D        | Reached skill level 1 in Dodging
  1150 | D        | Reached skill level 7 in Shields
  1150 | D        | Reached XP level 5. HP: 30/43 MP: 7/9
  1152 | D        | Killed an ogre
  1152 | D        | Reached * piety under Okawaru
  1153 | D        | Reached skill level 5 in Fighting
  1153 | D        | Reached skill level 8 in Shields
  1153 | D        | Reached XP level 6. HP: 20/51 MP: 7/10
  1155 | D        | Reached skill level 5 in Armour
  1155 | D        | HP: 2/51 [orc warrior/+0 mace (22)]
  1162 | D        | Killed an orc warrior
  1173 | D        | Reached XP level 7. HP: 50/58 MP: 10/12
  1177 | D        | Reached ** piety under Okawaru
  1181 | D        | Reached skill level 9 in Shields
  1792 | D        | Noticed Grum
  1824 | D        | Killed Grum
  1825 | D        | Reached skill level 5 in Dodging
  1825 | D        | Reached XP level 8. HP: 36/67 MP: 12/14
  2174 | D        | Noticed Menkaure
  2181 | D        | Reached *** piety under Okawaru
  2186 | D        | Slain by Menkaure

Illustrated notes

Levels and vault maps discovered:
D:        pitsprint [storerooms_1, entrance_room_1, metal_vault_3, armoury_2,
          mini_pit_1, grid_room_1, main_hall_1, silver_pit, the_coven_3,
          the_vestibule_1, steel_vault_1, golden_pit, hallway_of_sentries,
          crystal_vault_1, iron_vault_1, final_vault]

Skill      XL: |  1  2  3  4  5  6  7 |
---------------+----------------------+-----
Shields        | 4 5 6 7 8 9 |  9.8
Long Blades    | 3 4 5 6 7 |  7.9
Invocations    | 1 3 4 5 6 7 8 |  8.8
Fighting       | 4 5 6 7 |  7.5
Armour         | 4 5 7 |  7.2
Dodging        | 1 2 3 5 |  5.3

Action                   |  1- 3 |  4- 6 |  7- 9 || total
-------------------------+-------+-------+-------++-------
Melee: Long sword        |    51 |    37 |    63 ||   151
Invok: Heroism           |       |       |     2 ||     2
  Use: Potion            |     1 |     5 |     3 ||     9
 Stab: Invisible         |       |     2 |     4 ||     6
Armor: Scale mail        |    21 |    11 |     2 ||    34
Dodge: Dodged            |    18 |    16 |    18 ||    52
Block: Kite shield       |    35 |    30 |    24 ||    89
       Rpst.: Long sword |     5 |     3 |     3 ||    11

Table legend: (Time is in decaauts)
 A = Elapsed time spent in this place.
 B = Non-inter-level travel time spent in this place.
 C = Inter-level travel time spent in this place.
 D = Time resting spent in this place.
 E = Time spent auto-exploring this place.
 F = Levels seen in this place.
 G = Mean time per level.
                   A        B        C        D        E       F      G
               +--------+--------+--------+--------+--------+-----+--------+
         Total |   2208 |   2208 |      0 |   1829 |      0 |   1 | 2208.0 |
       Dungeon |   2208 |   2208 |      0 |   1829 |      0 |   1 | 2208.0 |
               +--------+--------+--------+--------+--------+-----+--------+

Top non-repeatable levels by time:
       D: 2208 daAuts
